 Dungeon Crawl Stone Soup version 0.31-a0-188-g5e087ee2ca (webtiles) character file.

Game seed: 7875196292144885033

242 qw the Skirmisher (level 5, -3/29 HPs)
             Began as a Deep Elf Hunter on June 22, 2023.
             Slain by Edmund
             ... wielding a +4 flail of protection
              (8 damage)
             ... on level 4 of the Dungeon.
             The game lasted 00:00:40 (1273 turns).

qw the Skirmisher (Deep Elf Hunter)                 Turns: 1273, Time: 00:00:40

Health: -3/29      AC:  7    Str: 10    XL:     5   Next: 82%
Magic:  7/7        EV: 12    Int: 14    God:
Gold:   134        SH:  0    Dex: 24    Spells: 4/4 levels left

rFire   . . .        Y - +0 shortbow
rCold   . . .        (shield currently unavailable)
rNeg    . . .        g - +0 swamp dragon scales
rPois   +            (no helmet)
rElec   .            (no cloak)
rCorr   .            (no gloves)
SInv    .            (no boots)
Will    .....        (no amulet)
Stlth   ++           m - +6 ring of dexterity
HPRegen 0.24/turn    (no ring)
MPRegen 0.10/turn

%: no passive effects
@: no status effects
A: no striking features
a: no special abilities


You were on level 4 of the Dungeon.
You visited 1 branch of the dungeon, and saw 3 of its levels.

You collected 134 gold pieces.


   Skills:
 + Level 1.6 Fighting
 - Level 9.0 Ranged Weapons
 - Level 3.3 Dodging
 - Level 1.2 Stealth


You had 4 spell levels left.
You didn't know any spells.
Your spell library was empty.

Inventory:

Hand Weapons
 Y - a +0 shortbow (weapon)
Armour
 d - the +0 robe of Okawaru's Favour {Int+6}
   (You found it on level 2 of the Dungeon)

   Int:       It affects your intelligence (+6).
 g - +0 swamp dragon scales (worn)
Jewellery
 m - a +6 ring of dexterity (left hand)
Scrolls
 a - 2 scrolls of identify
 b - a scroll of silence {unknown}
 c - a scroll of teleportation {unknown}
 f - a scroll of fog {unknown}
Potions
 e - a potion of lignification {unknown}
 i - a potion of mutation {unknown}
 j - a potion of might {unknown}
 k - a potion of heal wounds {unknown}

Dungeon Overview and Level Annotations

Branches:
Dungeon (2/15)

Altars:
Cheibriados

Shops:
D:1 [

Annotations:
D:4 Edmund


Message History

The dart slug launches a dart at you. The slug dart hits you.
You shoot an arrow. The arrow hits the dart slug!
You kill the dart slug!
You start resting.
Edmund the Younger comes into view.
He is wielding a +4 flail of protection.
You shoot an arrow. The arrow barely misses Edmund.
You shoot an arrow.
The arrow hits Edmund but does no damage.
Edmund clears his throat.
You shoot an arrow. The arrow hits Edmund.
Edmund is lightly wounded.
You shoot an arrow.
The arrow hits Edmund but does no damage.
Edmund is lightly wounded.
You shoot an arrow. The arrow closely misses Edmund.
You start resting.
Edmund is nearby!
You shoot an arrow.
The arrow hits Edmund but does no damage.
Edmund is lightly wounded.
Edmund hits you with a +4 flail of protection!
You shoot an arrow. The arrow completely misses Edmund.
Edmund completely misses you.
Edmund hits you with a +4 flail of protection.
You shoot an arrow.
The arrow hits Edmund but does no damage.
Edmund is lightly wounded.
Edmund says, "People accused me of being a cutpurse!"
Edmund misses you.
You shoot an arrow. The arrow barely misses Edmund.
Edmund hits you with a +4 flail of protection.
You shoot an arrow. The arrow hits Edmund.
Edmund is lightly wounded.
Edmund barely misses you.
You shoot an arrow. The arrow barely misses Edmund.
Edmund barely misses you.
You shoot an arrow. The arrow barely misses Edmund.
Edmund hits you with a +4 flail of protection!
You die...

#.#....#..##.#
#.....#....#.#####
####.##...........
#..#.........#
#.##.........#
#.##.........#
#.###:....)#.#
#.####...##..#
#@.# #####..##
##@.####...##
.........#
..%.....##
....#...##
..>###...## #.)#
###..## .%# ##..##
##..##


You could see Edmund.

Vanquished Creatures
  A water moccasin (D:4)
  A howler monkey (D:4)
  2 gnolls (D:4)
  2 adders (D:2)
  A worm (D:2)
  3 dart slugs
  5 ball pythons
  4 endoplasms
  3 giant cockroaches
  7 goblins
  4 hobgoblins
  3 jackals (D:1)
  2 quokkas (D:1)
  9 bats
  4 frilled lizards
  5 kobolds
  4 rats (D:1)
60 creatures vanquished.

Notes
Turn   | Place    | Note
-------+----------+-------------------------------------------
     0 | D:1      | qw the Deep Elf Hunter began the quest for the Orb.
     0 | D:1      | Reached XP level 1. HP: 12/12 MP: 3/3
     0 | D:1      | 0 ||| qw: Version: 0.3-a-9-g12657ce
     0 | D:1      | 0 ||| qw: Game counter: 2982
     0 | D:1      | 0 ||| qw: Always use a shield: true
     0 | D:1      | 0 ||| qw: God list: Okawaru
     0 | D:1      | 0 ||| qw: Allow faded altars: false
     0 | D:1      | 0 ||| qw: Do Orc after D:15 true
     0 | D:1      | 0 ||| qw: Do second Lair branch before Depths: true
     0 | D:1      | 0 ||| qw: Lair rune preference: random
     0 | D:1      | 0 ||| qw: Plans: Normal
     0 | D:1      | 0 ||| PLANNING D:1-11
   132 | D:1      | Found Heimet's Antique Armour Boutique.
   143 | D:1      | 143 ||| SHOPLISTING helmet (135 gold, have 23).
   143 | D:1      | 143 ||| SHOPLISTING ring mail (120 gold, have 23).
   143 | D:1      | 143 ||| SHOPLISTING shadowed robe (171 gold, have 23).
   143 | D:1      | 143 ||| SHOPLISTING shimmering robe (171 gold, have 23).
   200 | D:1      | Reached XP level 2. HP: 13/16 MP: 4/4
   234 | D:1      | Reached skill level 6 in Ranged Weapons
   369 | D:1      | Reached XP level 3. HP: 20/20 MP: 5/5
   710 | D:1      | 710 ||| UPGRADING to +0 swamp dragon scales.
   720 | D:1      | 720 ||| DROPPING +0 leather armour.
   721 | D:1      | 721 ||| UPGRADING to +6 ring of dexterity.
   722 | D:1      | 722 ||| READING scroll labelled UPAGALOUCK.
   723 | D:1      | 723 ||| READING scroll labelled FAYSSA ODIGRI.
   724 | D:1      | 724 ||| READING scroll labelled WEROLUQAMEKK.
   725 | D:1      | 725 ||| READING scroll labelled KAEP VECEPRA.
   726 | D:1      | 726 ||| READING scroll labelled OZEVAMET DUCOZA.
   727 | D:1      | 727 ||| DROPPING scroll of butterflies.
   749 | D:2      | Reached skill level 7 in Ranged Weapons
   897 | D:2      | Identified the +0 robe of Okawaru's Favour {Int+6}
  1081 | D:2      | Reached XP level 4. HP: 25/25 MP: 6/6
  1125 | D:2      | You fall into a shaft and drop 2 floors!
  1133 | D:4      | Found a snail-covered altar of Cheibriados.
  1198 | D:4      | Noticed a water moccasin
  1203 | D:4      | Killed a water moccasin
  1204 | D:4      | Reached skill level 8 in Ranged Weapons
  1204 | D:4      | Reached XP level 5. HP: 29/29 MP: 7/7
  1211 | D:4      | Reached skill level 3 in Dodging
  1249 | D:4      | Reached skill level 9 in Ranged Weapons
  1260 | D:4      | Noticed Edmund
  1270 | D:4      | HP: 5/29 [Edmund/+4 flail of protection (4)]
  1273 | D:4      | Slain by Edmund

Levels and vault maps discovered:
D:1:      dpeg_chamrin_arrival_tetris, layout_loops_ring, serial_shops,
          nicolae_shop_hallway_plus, chequers_serial_rivers_micro_d
D:2:      layout_rooms
D:4:      nicolae_BIG_FREAKIN_CUBE, layout_cave_pods, tso_altar,
          old_standard_altar, nicolae_kikubaaqudgha_miasma_corner,
          lemuel_round_altar, mainiacjoe_overflow_catwalk,
          grunt_gozag_breadcrumbs, kennysheep_another_room, minmay_manual_moon,
          uniq_edmund

Skill      XL: |  1  2  3  4  5 |
---------------+----------------+-----
Ranged Weapons | 6 7 8 9 |  9.0
Dodging        | 3 |  3.3
Fighting       | |  1.6
Stealth        | |  1.2

Action                     |  1- 3 |  4- 6 || total
---------------------------+-------+-------++-------
   Fire: Shortbow          |   126 |    46 ||   172
    Use: Scroll            |     5 |       ||     5
 Armour: Leather armour    |    15 |       ||    15
         Swamp dragon scal |     4 |     6 ||    10
  Dodge: Dodged            |    51 |    12 ||    63

Table legend:
 A = Non-vault XP
 B = Vault XP
 C = Vault XP percentage of total XP
 D = Non-vault monster count
 E = Vault monster count
 F = Vault count percentage of total count
                 A         B        C        D         E       F
            +---------+---------+-------+---------+---------+-------
      Total |     145 |     202 |  58.2 |      57 |       3 |   5.0
            +---------+---------+-------+---------+---------+-------
        D:1 |      53 |       0 |   0.0 |      32 |       0 |   0.0
        D:2 |      55 |       0 |   0.0 |      19 |       0 |   0.0
        D:4 |      37 |     202 |  84.5 |       6 |       3 |  33.3
            +---------+---------+-------+---------+---------+-------
